AoeStats
← TheWalker6055

Arabia

508664096Analyzed
2v2 RM · 9d ago on Sep 23, 2026· 49m 45s· 4 players
Game mode
Random Map
Map size
Medium (4 player)
Population
200
Speed
Normal
Resources
Standard
Victory
Conquest
Starting age
Dark Age
Ending age
Imperial Age
RankedLock teamsTeams togetherTeam positionsShared explorationLock speedFull tech treeHidden civsTurbo modeCheats
Victory
Defeat
🇦🇺 Varangians · Australia
938
+15
🇫🇷 Franks · France
868
+18
🇮🇳 Celts · India
926
-17
🇦🇺 Saracens · Australia
892
-16
GREENEYES
1:25 Loom
10:31 Feudal Age
10:34 Man-at-Arms
12:16 Town Watch
16:05 Double-Bit Axe
21:15 Castle Age
20:50 Bloodlines
21:25 Horse Collar
21:38 Gold Mining
21:58 Scale Barding Armor
22:51 Bow Saw
22:36 Stone Mining
26:32 Heavy Plow
27:00 Husbandry
29:40 Stone Shaft Mining
29:24 Town Patrol
29:37 Fletching
29:56 Padded Archer Armor
31:25 Wheelbarrow
32:45 Ballistics
38:43 Imperial Age
36:29 Bodkin Arrow
36:50 Vendel Legacy
37:49 Forging
39:01 Hand Cart
40:37 Two-Man Saw
42:03 Chemistry
40:44 Treadmill Crane
41:14 Bracer
41:53 Cavalier
43:42 Conscription
44:15 Iron Casting
43:24 Gothikon
44:59 Elite Jarl
50:36 Leather Archer Armor
50:41 Chain Barding Armor
Raoul le teigneux
0:28 Loom
11:14 Feudal Age
11:56 Double-Bit Axe
19:26 Castle Age
18:15 Forging
18:19 Stone Mining
18:57 Gold Mining
20:15 Scale Mail Armor
19:53 Pikeman
22:33 Scale Barding Armor
22:50 Chain Mail Armor
23:37 Gold Shaft Mining
23:47 Fletching
31:25 Imperial Age
29:10 Bodkin Arrow
30:49 Wheelbarrow
32:50 Plate Mail Armor
33:24 Chemistry
32:37 Masonry
33:12 Conscription
36:50 Cavalier
37:53 Chain Barding Armor
38:09 Iron Casting
37:19 Elite Throwing Axeman
39:19 Plate Barding Armor
40:01 Ordonnance Companies
43:18 Blast Furnace
43:16 Husbandry
TheWalker6055
0:27 Loom
11:46 Feudal Age
12:24 Double-Bit Axe
12:23 Horse Collar
13:23 Wheelbarrow
12:34 Town Watch
19:01 Man-at-Arms
21:07 Gold Mining
21:09 Stone Mining
25:53 Castle Age
24:57 Forging
24:47 Scale Mail Armor
25:54 Arson
26:13 Scale Mail Armor
26:18 Scale Barding Armor
26:04 Fletching
26:14 Padded Archer Armor
27:14 Heavy Plow
27:59 Long Swordsman
28:24 Gambesons
30:25 Hand Cart
29:56 Town Watch
32:50 Bow Saw
33:19 Gold Shaft Mining
33:19 Stone Shaft Mining
36:53 Stronghold
38:40 Iron Casting
38:20 Chain Mail Armor
41:52 Imperial Age
43:43 Blast Furnace
42:58 Chain Mail Armor
42:43 Elite Woad Raider
43:46 Town Patrol
45:48 Chemistry
45:13 Furor Celtica
45:23 Conscription
45:56 Chain Barding Armor
46:06 Plate Mail Armor
45:59 Chain Barding Armor
46:07 Murder Holes
46:32 Ballistics
46:22 Masonry
46:39 Conscription
47:05 Guilds
47:35 Conscription
47:58 Bodkin Arrow
48:18 Leather Archer Armor
Banana Cop
11:31 Feudal Age
17:06 Castle Age
24:03 Wheelbarrow
26:12 Gold Mining
31:10 Imperial Age
33:39 Chemistry
32:41 Double-Bit Axe
33:26 Elite Mameluke
34:29 Conscription
37:59 Gold Shaft Mining
39:09 Hand Cart
39:36 Caravan
Connection lost

Rejoining the realm…

Still unreachable

The connection could not be restored.

Session expired

The server has moved on; the page needs a fresh start.